Map: Blackburn LE

Players

Liquidthermy (uThermal)

  • Race: Terran Terran

DRG - Winner!

  • Race: Zerg Zerg

VOD

Have the link to the VOD?

Description

Time

  • Played on: Oct. 21, 2021, 8:34 a.m.
  • Length: 19:06
Show
View Real Time Build Order
Export as new Build Order

Liquidthermy Terran 

Build Orders: Hellion Opening, Reaper Expand, Mech 

Get SALT Encoding   

  12  0:00  SCV  
  13  0:12  SCV  
  14  0:17  Supply Depot  
  14  0:24  SCV  
  15  0:38  SCV  
  15  0:40  Barracks  
  16  0:43  Refinery  
  16  0:50  SCV  
  17  1:03  SCV  
  18  1:15  SCV  
  19  1:27  Reaper, Orbital Command  
  20  1:40  Command Center  
  20  1:50  Supply Depot  
  20  1:53  SCV  
  21  1:59  Marine  
  22  2:05  SCV  
  23  2:09  Factory  
  23  2:15  Refinery  
  23  2:17  SCV  
  23  2:20  Barracks Reactor  
  24  2:29  SCV  
  25  2:42  SCV  
  26  2:54  Starport, Orbital Command  
  26  2:55  SCV  
  27  3:00  Hellion x2  
  31  3:07  SCV  
  32  3:15  Supply Depot  
  32  3:19  SCV  
  33  3:21  SCV, Hellion  
  33  3:22  Hellion  
  38  3:30  Fusion Core  
  38  3:31  SCV  
  38  3:33  SCV  
  40  3:43  Hellion x2  
  40  3:45  SCV  
  40  3:46  SCV  
  46  3:49  Starport Tech Lab  
  46  3:51  Supply Depot  
  46  3:58  SCV x2  
  48  4:11  SCV  
  48  4:12  Command Center  
  50  4:23  Battlecruiser  
  55  4:26  Supply Depot  
  55  4:28  SCV  
  55  4:30  SCV  
  57  4:33  Refinery  
  57  4:35  Refinery  
  59  4:38  Hellion  
  59  4:39  Barracks Tech Lab  
  59  4:43  Hellion  
  61  4:49  SCV  
  61  4:51  SCV  
  63  5:00  Supply Depot, Hellion  
  63  5:01  SCV  
  63  5:03  SCV  
  63  5:04  Hellion  
  69  5:12  Factory  
  69  5:13  Factory, SCV  
  70  5:22  SCV  
  70  5:23  Hellion  
  70  5:25  SCV  
  70  5:26  Hellion  
  76  5:34  SCV  
  77  5:38  SCV  
  78  5:45  Supply Depot  
  78  5:47  SCV, Armory  
  78  5:48  Orbital Command  
  78  5:49  Armory  
  79  5:50  SCV  
  79  5:54  Hellion  
  79  5:56  Hellion  
  84  5:59  SCV  
  84  6:02  SCV  
  86  6:11  SCV  
  83  6:13  SCV  
  74  6:18  Siege Tank  
  74  6:24  SCV x2  
  74  6:26  Refinery  
  74  6:27  Refinery  
  74  6:28  Hellion x2  
  74  6:30  SCV  
  74  6:32  Siege Tank  
  82  6:36  SCV  
  82  6:37  Terran Vehicle And Ship Armor Level 1, Supply Depot, Terran Vehicle Weapons Level 1  
  82  6:38  SCV  
  84  6:43  SCV  
  85  6:50  Siege Tank  
  85  6:51  Factory, Supply Depot  
  85  6:52  Factory, SCV  
  85  6:53  SCV  
  90  6:56  SCV  
  91  7:02  Hellion x2  
  91  7:04  Siege Tank, SCV  
  91  7:06  SCV  
  91  7:08  Supply Depot, SCV  
  101  7:13  Infernal Pre-Igniter, Smart Servos  
  101  7:16  SCV  
  101  7:20  Engineering Bay, SCV  
  105  7:24  Thor  
  105  7:26  SCV  
  105  7:28  SCV  
  109  7:32  SCV  
  109  7:33  Hellion x2  
  114  7:37  Factory Tech Lab  
  114  7:38  Factory Reactor  
  114  7:41  Command Center  
  108  7:48  Siege Tank  
  111  7:51  Engineering Bay  
  111  7:52  Missile Turret  
  111  7:55  Missile Turret  
  111  7:57  Siege Tank  
  114  8:02  Supply Depot  
  114  8:03  Hellion  
  114  8:04  Supply Depot  
  116  8:07  Siege Tank  
  119  8:13  Supply Depot  
  119  8:14  Supply Depot, SCV x2, Sensor Tower  
  119  8:19  Hellion x5  
  123  8:20  Hellion  
  123  8:21  Supply Depot  
  123  8:23  SCV  
  123  8:26  Siege Tank  
  129  8:29  Missile Turret  
  129  8:31  Missile Turret  
  129  8:35  Missile Turret  
  129  8:36  Terran Vehicle Weapons Level 2  
  129  8:42  Siege Tank x2  
  129  8:44  Hellion  
  129  8:46  Hellion  
  139  8:51  Hellion  
  139  8:54  Hellion  
  143  8:58  Siege Tank  
  143  9:00  Engineering Bay  
  141  9:05  Hellion  
  141  9:07  SCV  
  144  9:14  Siege Tank  
  145  9:17  Siege Tank, Hellion  
  145  9:19  Terran Vehicle And Ship Armor Level 2  
  145  9:22  Hellion x2  
  145  9:23  SCV  
  153  9:27  Hellion  
  153  9:30  Siege Tank  
  156  9:33  SCV  
  156  9:37  SCV  
  156  9:38  SCV  
  157  9:39  Hellion  
  157  9:45  Refinery  
  159  9:46  SCV  
  159  9:47  Siege Tank, Refinery  
  159  9:49  Siege Tank  
  164  9:57  Planetary Fortress  
  164  9:59  Hellion x2  
  159  10:00  SCV  
  159  10:02  Siege Tank  
  159  10:04  Hellion x2  
  166  10:10  SCV  
  166  10:11  Supply Depot x2  
  166  10:17  SCV  
  166  10:19  Siege Tank  
  166  10:21  Thor, Hellion  
  172  10:24  Sensor Tower, Command Center  
  178  10:32  Supply Depot  
  178  10:34  Thor  
  184  10:40  Missile Turret  
  184  10:41  SCV  
  183  10:48  Hellion  
  183  10:49  SCV  
  182  10:50  Thor  
  170  11:04  Thor, Hellion x2  
  170  11:08  Missile Turret  
  170  11:10  SCV x2  
  178  11:13  Hellion  
  178  11:17  Siege Tank  
  183  11:23  Hellion  
  183  11:24  Terran Vehicle Weapons Level 3  
  183  11:25  SCV  
  186  11:29  SCV  
  174  11:34  Siege Tank  
  174  11:36  Hellion  
  179  11:40  Hellion x6  
  179  11:47  Thor  
  179  11:49  Siege Tank  
  179  11:50  Command Center  
  179  11:51  SCV x2  
  175  12:02  Hellion x7  
  175  12:05  Thor  
  175  12:08  Hellion  
  172  12:21  Thor  
  167  12:25  Hellion  
  167  12:28  Hellion  
  167  12:29  Thor, Hellion x2  
  154  12:37  Hellion  
  154  12:40  SCV x2  
  158  12:48  Thor  
  158  12:49  SCV, Hellion  
  158  12:50  Hellion  
  169  12:55  Hellion  
  161  13:04  Siege Tank  
  161  13:05  Hellion  
  166  13:10  SCV x2  
  166  13:11  SCV, Hellion  
  167  13:13  Siege Tank  
  170  13:21  Hellion x2  
  170  13:26  SCV, Hellion  
  177  13:31  Siege Tank  
  177  13:32  Hellion  
  163  13:34  Terran Vehicle And Ship Armor Level 3  
  163  13:36  Siege Tank  
  163  13:42  SCV  
  163  13:43  SCV  
  163  13:45  Siege Tank  
  166  13:53  Hellion, Command Center  
  164  14:02  Mag-Field Accelerator  
  164  14:03  Siege Tank  
  164  14:04  Hellion x2  
  164  14:05  Hellion  
  164  14:07  SCV  
  164  14:08  Siege Tank, SCV  
  178  14:17  Siege Tank  
  178  14:18  Hellion  
  183  14:26  Hellion x2  
  185  14:31  Hellion  
  185  14:35  Siege Tank  
  186  14:39  Hellion  
  188  14:47  Siege Tank  
  188  14:49  Hellion  
  187  14:54  Missile Turret x3  
  187  15:04  Siege Tank  
  175  15:14  Siege Tank, Hellion  
  175  15:15  Hellion  
  175  15:19  Siege Tank, Hellion x2  
  161  15:28  SCV  
  161  15:35  Refinery x2  
  162  15:36  Hellion  
  162  15:37  Siege Tank  
  162  15:40  Hellion  
  169  15:46  Siege Tank  
  168  15:51  Siege Tank  
  138  16:06  Hellion  
  138  16:08  Thor  
  133  16:11  Hellion  
  133  16:15  Hellion  
  123  16:18  Thor  
  123  16:22  SCV, Hellion  
  123  16:23  Thor  
  138  16:29  Hellion  
  138  16:32  SCV  
  139  16:33  SCV  
  140  16:41  Hellion  
  144  16:47  Hellion  
  132  16:55  Siege Tank  
  121  17:03  Hellion x2  
  121  17:04  SCV  
  126  17:10  Siege Tank  
  126  17:15  Siege Tank  
  129  17:27  Siege Tank  
  130  17:34  Hellion x2  
  130  17:35  Hellion  
  130  17:36  Hellion  
  130  17:44  Orbital Command  
  130  17:46  Orbital Command  
  130  17:50  Missile Turret  
  128  17:52  Siege Tank, Orbital Command  
  128  17:54  Siege Tank  
  128  18:01  Siege Tank  
  133  18:05  Hellion  
  133  18:24  Siege Tank  
Show
View Real Time Build Order
Export as new Build Order

DRG Zerg - Winner!

Build Orders: Hatch First 

Get SALT Encoding   

  12  0:00  Drone  
  13  0:12  Overlord  
  13  0:17  Drone  
  14  0:30  Drone x2  
  16  0:48  Hatchery  
  15  0:51  Drone  
  15  0:55  Drone  
  17  0:58  Drone  
  18  1:10  Extractor  
  17  1:13  Spawning Pool  
  17  1:16  Drone  
  17  1:20  Drone  
  18  1:27  Drone  
  19  1:39  Drone  
  20  1:49  Drone  
  21  2:00  Queen x2  
  25  2:01  Zergling x4  
  27  2:10  Overlord  
  27  2:11  Drone  
  28  2:21  Hatchery  
  27  2:25  Drone  
  27  2:28  Extractor  
  27  2:31  Drone  
  27  2:36  Drone  
  29  2:40  Queen  
  32  2:45  Metabolic Boost  
  32  2:50  Overlord  
  32  2:53  Drone  
  32  2:55  Drone  
  32  2:57  Drone  
  35  2:59  Drone  
  35  3:04  Overlord  
  36  3:09  Drone  
  36  3:11  Drone  
  36  3:12  Drone x2  
  40  3:15  Drone  
  41  3:21  Queen  
  41  3:25  Drone  
  44  3:27  Drone  
  44  3:29  Drone  
  44  3:32  Queen  
  48  3:37  Queen  
  50  3:41  Overlord  
  50  3:45  Drone x2  
  50  3:47  Zergling x2  
  53  3:49  Zergling x2  
  53  3:51  Drone  
  53  3:52  Drone x2  
  53  3:55  Drone  
  58  3:59  Queen  
  58  4:01  Drone  
  61  4:04  Drone  
  61  4:06  Drone  
  61  4:08  Drone  
  61  4:09  Drone  
  65  4:17  Drone  
  65  4:21  Overlord  
  65  4:22  Overlord  
  66  4:24  Overlord  
  66  4:27  Overlord  
  66  4:32  Overlord  
  66  4:38  Spore Crawler, Queen  
  65  4:39  Spore Crawler  
  65  4:40  Queen  
  65  4:41  Zergling x10  
  73  4:45  Drone  
  73  4:46  Drone x4  
  73  4:48  Drone  
  73  4:49  Drone  
  73  4:52  Drone  
  81  4:54  Lair  
  81  4:56  Drone x2  
  81  4:58  Drone  
  81  4:59  Drone  
  85  5:01  Drone  
  85  5:05  Drone, Extractor x2  
  85  5:08  Drone  
  85  5:10  Drone  
  85  5:12  Drone x2  
  85  5:13  Drone  
  90  5:17  Extractor  
  90  5:18  Queen x2  
  92  5:22  Drone x2, Extractor x2  
  92  5:23  Drone, Roach Warren  
  92  5:24  Drone  
  92  5:25  Drone  
  92  5:27  Drone  
  95  5:29  Drone  
  95  5:31  Spore Crawler, Overlord  
  95  5:33  Drone  
  96  5:38  Drone  
  96  5:39  Overlord  
  97  5:45  Overlord x2  
  97  5:46  Hatchery  
  96  5:51  Evolution Chamber, Overlord  
  96  5:53  Drone  
  96  6:00  Spire  
  96  6:04  Glial Reconstitution  
  94  6:06  Drone x3  
  92  6:12  Zergling x6  
  92  6:15  Drone x3  
  92  6:21  Zerg Missile Weapons Level 1  
  92  6:24  Roach x4  
  99  6:27  Drone x3  
  99  6:31  Overlord  
  102  6:36  Overlord x2  
  103  6:40  Drone x3  
  105  6:47  Drone x2  
  107  6:54  Drone x6  
  112  7:08  Overlord x2  
  112  7:12  Extractor  
  112  7:13  Zergling x4, Extractor  
  109  7:15  Corruptor x3  
  109  7:16  Corruptor x2  
  116  7:26  Drone  
  117  7:30  Evolution Chamber  
  117  7:31  Zergling x8  
  117  7:35  Corruptor x4  
  127  7:43  Corruptor x2  
  129  7:45  Roach  
  129  7:48  Roach x2  
  135  7:52  Roach x3  
  135  7:56  Roach x2  
  145  7:59  Roach x2  
  145  8:03  Overlord x2  
  149  8:07  Roach x2  
  153  8:13  Roach x3  
  153  8:16  Roach x2  
  153  8:19  Roach x2  
  167  8:23  Ravager x8  
  167  8:26  Roach x2  
  179  8:29  Roach  
  179  8:32  Roach  
  179  8:33  Roach x2  
  187  8:36  Zergling x6  
  187  8:38  Ravager x2  
  192  8:41  Overlord  
  192  8:49  Overlord  
  159  9:04  Drone x3  
  159  9:06  Zerg Melee Weapons Level 1, Evolution Chamber  
  159  9:08  Drone x4  
  159  9:09  Spine Crawler  
  165  9:10  Evolution Chamber, Zergling x16  
  165  9:14  Drone  
  165  9:16  Baneling Nest  
  168  9:19  Drone x2  
  168  9:20  Drone x5  
  168  9:21  Drone  
  168  9:22  Drone  
  171  9:25  Drone  
  171  9:30  Drone x4  
  171  9:37  Drone x2  
  173  9:49  Hatchery  
  173  9:50  Pneumatized Carapace  
  170  9:56  Zerg Missile Weapons Level 2  
  170  9:57  Zerg Ground Armor Level 1  
  170  9:59  Centrifugal Hooks  
  170  10:02  Infestation Pit  
  169  10:12  Ravager x2  
  169  10:13  Zergling x24, Ravager x9  
  186  10:23  Zergling x18  
  186  10:26  Overlord  
  195  10:31  Zergling x10  
  199  10:46  Zergling x4  
  199  10:49  Hive  
  191  11:01  Roach x11  
  188  11:06  Roach x6  
  200  11:16  Zerg Melee Weapons Level 2  
  198  11:20  Baneling  
  198  11:21  Baneling x10  
  198  11:23  Zergling x4  
  183  11:34  Roach x11  
  198  11:53  Roach x5  
  197  11:57  Ravager x3  
  197  11:59  Hatchery  
  180  12:08  Ravager x8  
  180  12:09  Zergling x18, Ravager x5  
  183  12:24  Roach x8  
  183  12:27  Zergling x14  
  175  12:53  Viper x2  
  175  12:56  Drone x5  
  175  12:57  Hatchery  
  176  13:03  Roach x3  
  174  13:06  Drone x2  
  174  13:12  Ravager x2  
  178  13:14  Drone x4  
  182  13:22  Zergling x10  
  174  13:34  Drone x8  
  174  13:41  Drone x4  
  185  13:45  Zerg Missile Weapons Level 3  
  182  13:56  Greater Spire  
  182  13:58  Drone x5  
  187  14:03  Zerg Ground Armor Level 2  
  187  14:07  Zerg Melee Weapons Level 3  
  187  14:09  Drone x2  
  189  14:14  Ravager x2  
  188  14:31  Drone x2  
  186  14:34  Spine Crawler  
  186  14:35  Viper, Extractor x2  
  186  14:36  Drone x2  
  186  14:45  Zergling x32  
  199  14:58  Spine Crawler x2  
  197  15:01  Zergling x6  
  197  15:05  Extractor x2  
  197  15:06  Hatchery  
  183  15:17  Viper x2  
  156  15:23  Roach x13  
  156  15:26  Roach x2  
  183  15:33  Roach x3  
  189  15:37  Ravager x2  
  189  15:38  Ravager  
  192  15:43  Roach x3  
  198  15:52  Roach  
  185  16:06  Roach x10  
  185  16:10  Roach  
  185  16:11  Roach x2  
  171  16:15  Ravager x3  
  174  16:20  Ravager x3  
  174  16:23  Ravager  
  174  16:24  Zergling x12  
  184  16:29  Drone x4  
  188  16:37  Ravager x3  
  191  16:41  Roach x4  
  194  16:56  Hatchery  
  194  17:00  Zergling x12  
  197  17:08  Zergling x4  
  194  17:35  Drone x3  
  194  17:42  Brood Lord x3  
  198  17:44  Brood Lord  
  193  17:59  Brood Lord x2  
  193  18:02  Brood Lord  
  199  18:07  Hatchery  
  199  18:09  Zergling x2  
  183  18:29  Roach x5  
  183  18:30  Roach x4  
  195  18:35  Zergling x8  
Tags
 
Add a new tag
Caveats
  • Supply blocks, unpowered buildings, or Contaminate may cause inaccurate times.
  • Supply counts are checked every 10 seconds.